 Dungeon Sprint DCSS version 0.20.1-1-g8b1a95d (webtiles) character file.

285 Mitsuki the Covert (level 6, -5/34 HPs)
             Began as a Spriggan Enchanter on Sept 21, 2017.
             Was a Follower of Cheibriados.
             Shot with an arrow by a centaur warrior (18 damage)
             ... in the Dungeon (Sprint IX: "|||||||||||||||||||||||||||||").
             The game lasted 00:06:07 (1074 turns).

Mitsuki the Covert (Spriggan Enchanter)             Turns: 1074, Time: 00:06:07

Health: -5/34      AC:  2    Str:  7    XL:     6   Next: 7%
Magic:  8/11       EV: 28    Int: 19    God:    Cheibriados [*.....]
Gold:   0          SH:  0    Dex: 28    Spells: 4/10 levels left

rFire    . . .     SeeInvis +   a - +1 dagger
rCold    . . .     Gourm    .   (shield restricted)
rNeg     . . .     Faith    .   b - +0 robe
rPois    .         Spirit   .   (helmet restricted)
rElec    .         Reflect  .   (no cloak)
rCorr    .         Harm     .   (gloves unavailable)
MR       +....     NoTele   +   (boots unavailable)
Stlth    +++++.....             (no amulet)
Regen    0.2/turn               p - +3 ring of dexterity
MPRegen  0.2/turn               q - +3 ring of dexterity

@: no status effects
A: unfitting armour, see invisible, herbivore 3, speed 3, slow metabolism 2
a: Bend Time, Renounce Religion


You were in the Dungeon.
You worshipped Cheibriados.
Cheibriados was aware of your devotion.
You were not hungry.

You visited 1 branch

Inventory:

Hand Weapons
 a - a +1 dagger (weapon)
Armour
 b - a +0 robe (worn)
 o - a +0 cloak
Jewellery
 p - a +3 ring of dexterity (left hand)
 q - a +3 ring of dexterity (right hand)
Wands
 n - a wand of iceblast (7/15)
Scrolls
 j - 2 scrolls of blinking
 l - 3 scrolls of remove curse
 m - 2 scrolls of amnesia
Potions
 e - 5 potions of curing
 f - 3 potions of heal wounds
 g - a potion of haste
 h - 4 potions of magic
 i - a potion of berserk rage
 k - a potion of invisibility
Books
 c - a book of Maledictions

   Spells                             Type                      Level
   a - Corona                         Hexes                        1
   b - Ensorcelled Hibernation        Hexes/Ice                    2
   c - Confuse                        Hexes                        3
   d - Tukima's Dance                 Hexes                        3
   e - Dazzling Spray                 Conjuration/Hexes            3
Comestibles
 d - a bread ration


   Skills:
 + Level 4.3 Fighting
 + Level 5.8 Short Blades
 + Level 8.4 Dodging
 + Level 9.5 Stealth
 - Level 2.6 Spellcasting
 + Level 7.6 Hexes
 + Level 3.1 Invocations


You had 4 spell levels left.
You knew the following spells:

 Your Spells              Type           Power        Failure   Level  Hunger
a - Corona                Hex            ####...      1%          1    None
b - Ensorcelled Hibernat  Hex/Ice        ###...       4%          2    ##.....
c - Confuse               Hex            ####....     1%          3    ###....


Dungeon Overview and Level Annotations

Branches:
Dungeon (1/1)

Altars:
Cheibriados
Dithmenos
Elyvilon
Fedhas
Gozag
Hepliaklqana
Kikubaaqudgha
Makhleb
Nemelex Xobeh
Okawaru
Qazlal
Ru
Sif Muna
Trog
Uskayaw
Vehumet
Xom
Yredelemnul
Zin
The Shining One
Beogh
Jiyva
Lugonu


Innate Abilities, Weirdness & Mutations

You are very small and have problems with some larger weapons.
You are too small for most types of armour.
You have supernaturally acute eyesight. (SInv)
You are a herbivore.
You cover ground extremely quickly.
You need consume almost no food.


Message History

The blast of calcifying dust hits you!
Unknown command.
You are engulfed in calcifying dust.
The centaur warrior is engulfed in calcifying dust.
The centaur warrior stops moving altogether!
You are engulfed in calcifying dust.
The centaur warrior is engulfed in calcifying dust.
The centaur warrior is engulfed in calcifying dust. x2
The centaur warrior is engulfed in calcifying dust.
The centaur warrior is no longer petrified.
The centaur warrior shoots an arrow.
The arrow misses you.
Casting: Ensorcelled Hibernation
Confirm with . or Enter, or press ? or * to list all spells.
Aiming: Ensorcelled Hibernation
Press: ? - help, Shift-Dir - straight line, f/p - centaur warrior
Aim: a centaur warrior, wielding a longbow of freezing (lightly wounded, chance to defeat MR: 29%)
The centaur warrior easily resists.
The centaur warrior shoots an arrow.
The arrow hits you!!
Ouch! That really hurt!
You die... ▓▓▓▓▓▓▓▓▓▓▓▓▓▓▓▓▓▓▓▓▓▓▓▓▓▓ __÷..|)[.[..((..@.(cWYa55T ▓▓▓▓▓▓▓▓▓▓▓▓▓▓▓▓▓▓▓▓▓▓▓▓▓▓

You could see a catoblepas, a centaur warrior, a shadow, a worker ant and a crimson imp.

Vanquished Creatures
  An ogre (D)
  A scorpion (D)
  A killer bee (D)
  2 worker ants (D)
  2 iguanas (D)
  A bat zombie (D)
  A giant cockroach (D)
  A goblin (D)
  A jackal (D)
  A ball python skeleton (D)
  2 frilled lizards (D)
  A jackal skeleton (D)
  A rat (D)
16 creatures vanquished.

Notes
Turn   | Place    | Note
-------+----------+-------------------------------------------
     0 | D        | Mitsuki the Spriggan Enchanter began the quest for the Orb.
     0 | D        | Reached XP level 1. HP: 9/9 MP: 5/5
    16 | D        | Reached skill level 1 in Fighting
    44 | D        | Noticed a worker ant
    44 | D        | Noticed an ogre
    46 | D        | Killed a worker ant
    46 | D        | Reached skill level 6 in Stealth
    46 | D        | Reached XP level 2. HP: 15/15 MP: 6/6
    46 | D        | Reached XP level 3. HP: 18/18 MP: 8/8
   152 | D        | Learned a level 2 spell: Ensorcelled Hibernation
   156 | D        | Learned a level 3 spell: Confuse
   370 | D        | Reached skill level 5 in Dodging
   370 | D        | Reached skill level 5 in Hexes
   395 | D        | Killed an ogre
   395 | D        | Reached skill level 7 in Stealth
   395 | D        | Reached XP level 4. HP: 19/24 MP: 0/9
   487 | D        | Found a roughly hewn altar of Beogh.
   487 | D        | Found a snail-covered altar of Cheibriados.
   487 | D        | Found a shadowy altar of Dithmenos.
   487 | D        | Found a white marble altar of Elyvilon.
   487 | D        | Found a blossoming altar of Fedhas.
   487 | D        | Found an opulent altar of Gozag.
   488 | D        | Found a hazy altar of Hepliaklqana.
   489 | D        | Found a viscous altar of Jiyva.
   490 | D        | Found an ancient bone altar of Kikubaaqudgha.
   491 | D        | Became a worshipper of Cheibriados the Contemplative
   492 | D        | Found a corrupted altar of Lugonu.
   493 | D        | Found a burning altar of Makhleb.
   494 | D        | Found a sparkling altar of Nemelex Xobeh.
   495 | D        | Found an iron altar of Okawaru.
   496 | D        | Found a stormy altar of Qazlal.
   497 | D        | Found a sacrificial altar of Ru.
   498 | D        | Found a deep blue altar of Sif Muna.
   499 | D        | Found a bloodstained altar of Trog.
   500 | D        | Found a hide-covered altar of Uskayaw.
   501 | D        | Found a radiant altar of Vehumet.
   503 | D        | Found a shimmering altar of Xom.
   504 | D        | Found a basalt altar of Yredelemnul.
   505 | D        | Found a glowing silver altar of Zin.
   506 | D        | Found a glowing golden altar of the Shining One.
   545 | D        | Reached skill level 8 in Stealth
   545 | D        | Reached skill level 1 in Invocations
   545 | D        | Reached XP level 5. HP: 28/28 MP: 10/10
   754 | D        | Reached skill level 5 in Short Blades
   764 | D        | Reached * piety under Cheibriados
   771 | D        | Reached skill level 9 in Stealth
   805 | D        | Reached XP level 6. HP: 7/34 MP: 0/11
  1065 | D        | Noticed a centaur warrior
  1065 | D        | Noticed a catoblepas
  1065 | D        | Noticed a shadow
  1065 | D        | Noticed a troll
  1074 | D        | Shot with an arrow by a centaur warrior

Skill      XL: |  1  2  3  4  5 |
---------------+----------------+-----
Hexes          | 4 6 7 |  7.6
Fighting       | 2 3 4 |  4.3
Short Blades   | 2 4 5 |  5.8
Dodging        | 4 6 7 8 |  8.4
Stealth        | 6 7 8 9 |  9.5
Invocations    | 1 3 |  3.1
Spellcasting   | |  2.6

Action                   |  1- 3 |  4- 6 || total
-------------------------+-------+-------++-------
Melee: Dagger            |    39 |    39 ||    78
 Cast: Ensorcelled Hiber |     2 |     7 ||     9
       Confuse           |     1 |     1 ||     2
 Stab: Sleeping          |     2 |     4 ||     6
       Confused          |       |     1 ||     1
Armor: Robe              |     1 |       ||     1
Dodge: Dodged            |    24 |    49 ||    73
